 Dungeon Crawl Stone Soup version 0.20-a0-3-g334f831 (webtiles) character file.

64 dobroeutro the Ruffian (level 4, -2/43 HPs)
             Began as a Naga Monk on Oct 30, 2016.
             Slain by Crazy Yiuf
             ... wielding a +2 quarterstaff of chaos
              (3 damage)
             ... on level 2 of the Dungeon.
             The game lasted 00:03:03 (1825 turns).

dobroeutro the Ruffian (Naga Monk)                  Turns: 1825, Time: 00:03:03

Health: -2/43      AC:  2    Str: 14 (15) XL:     4   Next: 12%
Magic:  4/4        EV: 10    Int: 12 (15) God:
Gold:   80         SH:  0    Dex: 10 (13) Spells: 0 memorised, 3 levels left

rFire  . . .     SeeInvis +       - Unarmed
rCold  . . .     Gourm    .     a - +0 robe
rNeg   . . .     Faith    .     (no shield)
rPois  +         Spirit   .     (no helmet)
rElec  .         Reflect  .     (no cloak)
rCorr  .         Harm     .     (no gloves)
MR     .....     Rnd*Tele +     (no barding)
Stlth  ++........               h - amulet of regeneration
                                n - ring of teleportation (curse)
                                p - ring of wizardry

@: brilliant, short of breath, very slow
A: see invisible, deformed body, poison resistance, slowness 2, slow metabolism
1, spit poison 1, AC +1
a: Spit Poison


You were on level 2 of the Dungeon.
You were not hungry.

You visited 1 branch of the dungeon, and saw 2 of its levels.

You collected 80 gold pieces.

Inventory:

Armour
 a - a +0 robe (worn)
Jewellery
 h - an amulet of regeneration (around neck)
 j - an uncursed ring of magical power
 n - a cursed ring of teleportation (right hand)
 p - a ring of wizardry (left hand)
Scrolls
 e - a scroll of enchant weapon {unknown}
 f - a scroll of amnesia {unknown}
 i - 2 scrolls of remove curse {unknown}
 l - a scroll of random uselessness {unknown}
 m - a scroll of blinking {unknown}
 q - a scroll of enchant armour {unknown}
Potions
 k - a potion of brilliance
Comestibles
 b - a bread ration
 d - 3 fruits
 g - a slice of pizza


   Skills:
 + Level 3.6 Fighting
 + Level 1.0 Armour
 + Level 2.8 Dodging
 - Level 3.0 Stealth
 * Level 3.6 Unarmed Combat


You had 3 spell levels left.
You didn't know any spells.

Dungeon Overview and Level Annotations

Branches:
Dungeon (2/15)

Altars:

Annotations:
D:2 Crazy Yiuf


Innate Abilities, Weirdness & Mutations

You cannot wear boots.
Your serpentine skin is tough. (AC +1)
You have supernaturally acute eyesight. (SInv)
Armour fits poorly on your strangely shaped body.
Your system is resistant to poisons. (rPois)
You cover ground very slowly.
You have a slow metabolism.
You can spit poison.


Message History

It was a potion of brilliance.
You feel clever all of a sudden. Crazy Yiuf closely misses you.
It was a potion of degeneration.
There was something very wrong with that liquid.
You feel weakened.
You feel dopey.
You feel clumsy.
You have got your breath back.
Crazy Yiuf hits you with a quarterstaff of chaos.
* * * LOW HITPOINT WARNING * * *
Press: ? - help, Shift-Dir - straight line, f/p - Crazy Yiuf
Aim: Crazy Yiuf, wielding a quarterstaff of chaos and wearing a glowing cloak (lightly wounded)
The splash of poison hits Crazy Yiuf.
Crazy Yiuf is moderately wounded.
You feel slightly more hungry.
Crazy Yiuf hits you with a quarterstaff of chaos.
* * * LOW HITPOINT WARNING * * *
You punch Crazy Yiuf!
Crazy Yiuf is severely wounded.
Crazy Yiuf hits you with a quarterstaff of chaos.
You die...

##.....###..
#.....###.. #####
#.......... #..)#
#.......... #...#
####.#..... ...
#.#..... #'#
####.#..... ♣♣g♣
#.......... ♣@♣♣
#......#### ♣♣.♣
#.......... ♣.♣♣
#.......##. ♣♣.♣♣
#.......##. ♣...♣♣
#.......##. ♣..P.♣
#.......##. ##..##
#........#.
###....####........#.
#........##........#.


You could see Crazy Yiuf.

Vanquished Creatures
  2 adders (D:2)
  A dart slug (D:2)
  9 bats
  2 giant cockroaches
  3 goblins (D:1)
  4 hobgoblins
  2 quokkas (D:2)
  2 ball pythons (D:2)
  3 frilled lizards
  8 kobolds (D:1)
  10 rats
46 creatures vanquished.

Notes
Turn   | Place    | Note
-------+----------+-------------------------------------------
     0 | D:1      | dobroeutro the Naga Monk began the quest for the Orb.
     0 | D:1      | Reached XP level 1. HP: 21/21 MP: 1/1
   162 | D:1      | Reached XP level 2. HP: 19/28 MP: 2/2
   491 | D:1      | Reached XP level 3. HP: 20/34 MP: 3/3
  1099 | D:2      | Reached skill level 1 in Armour
  1180 | D:2      | Reached XP level 4. HP: 41/42 MP: 4/4
  1652 | D:2      | Found a runed door.
  1815 | D:2      | Noticed Crazy Yiuf
  1824 | D:2      | HP: 1/43 [Crazy Yiuf/quarterstaff of chaos (5)]
  1825 | D:2      | Slain by Crazy Yiuf

Vault maps used:
D:1:      saegor_arrival_simple_d, hex_tiny
D:2:      minmay_tetromino_l4, uniq_crazy_yiuf_cottage

Skill      XL: |  1  2  3 |
---------------+----------+-----
Armour         | 1 |  1.0
Fighting       | |  3.6
Dodging        | |  2.8
Stealth        | |  3.0
Unarmed Combat | |  3.6

Action                   |  1- 3 |  4- 6 || total
-------------------------+-------+-------++-------
Melee: Unarmed           |   110 |    19 ||   129
       Punch             |     1 |     1 ||     2
 Abil: Spit Poison       |    10 |     3 ||    13
  Use: Potion            |       |     2 ||     2
 Stab: Sleeping          |     4 |     2 ||     6
  Eat: Chunk             |     1 |     2 ||     3
Armor: Robe              |    25 |     7 ||    32
Dodge: Dodged            |    65 |     8 ||    73
